 Dungeon Crawl Stone Soup version 0.32-a0-290-g598725c5f2 (webtiles) character file.

Game seed: 17344899741001345307

661 cforsyth the Trooper (level 7, -7/55 HPs)
             Began as a Djinni Hexslinger on Feb 13, 2024.
             Killed by an exploding wight (15 damage)
             ... ignited by their inner flame
             ... on level 5 of the Dungeon.
             The game lasted 00:04:49 (4850 turns).

cforsyth the Trooper (Djinni Hexslinger)            Turns: 4850, Time: 00:04:49

Health: -7/55      AC:  2    Str:  7    XL:     7   Next: 86%
Gold:   190        EV: 12    Int: 17    God:
                   SH:  0    Dex: 15

rFire   + + .        a - +1 sling
rCold   x . .        (no shield)
rNeg    . . .        c - +0 robe
rPois   ∞            (no helmet)
rElec   .            (no cloak)
rCorr   .            (no gloves)
SInv    .            (boots unavailable)
Will    .....        (no amulet)
Stlth   +            (no ring)
HPRegen 0.29/turn    (no ring)
MPRegen 0.00/turn

%: infuse magic (-8 HP)
@: flying
A: sickness immunity, fire resistance 2, cold vulnerability 1, float, innate
caster, HP casting, extra vitality 1
a: no special abilities


You were on level 5 of the Dungeon.
You visited 1 branch of the dungeon, and saw 5 of its levels.

You collected 190 gold pieces.


Innate Abilities, Weirdness & Mutations

You are immune to sickness and miasma.
You are immune to poison.
Your flesh is very heat resistant. (rF++)
You are vulnerable to cold. (rC-)
You float through the air rather than walking.
You learn spells naturally, not from books.
Your magical power is your life essence.
You have superior vitality. (+4 MHP)


   Skills:
 + Level 5.7 Fighting
 - Level 1.5 Ranged Weapons
 - Level 2.1 Dodging
 + Level 5.0 Spellcasting
 + Level 5.0 Conjurations
 + Level 5.0 Hexes
 + Level 5.0 Summonings
 + Level 5.0 Necromancy
 + Level 5.0 Translocations
 + Level 5.0 Fire Magic
 + Level 5.0 Ice Magic
 + Level 5.0 Air Magic
 + Level 5.0 Earth Magic
 + Level 5.0 Alchemy


You knew the following spells:

 Your Spells              Type           Power      Damage    Failure   Level
c - Cause Fear            Hex            10%        N/A       17%         4
e - Freeze                Ice            84%        1d9       1%          1
f - Inner Flame           Hex/Fire       21%        N/A       5%          3
i - Call Imp              Summ           42%        N/A       2%          2
t - Static Discharge      Conj/Air       42%        3-5/arc   2%          2
X - Jinxbite              Hex            42%        N/A       2%          2
Y - Sigil of Binding      Hex            21%        N/A       5%          3
Z - Dimensional Bullseye  Hex/Tloc       10%        N/A       17%         4
Your spell library was empty.

Inventory:

Hand Weapons
 a - a +1 sling (weapon)
Armour
 c - a +0 robe (worn)
 e - a +2 pair of gloves
 o - a +0 cloak
Magical Staves
 i - a staff of conjuration {!a}
Wands
 n - a wand of polymorph (4)
Scrolls
 b - 3 scrolls of poison
 d - 5 scrolls of identify {unknown}
 f - 2 scrolls of teleportation {unknown}
 k - 4 scrolls of revelation {unknown}
 p - 4 scrolls of vulnerability {unknown}
 q - a scroll of fear {unknown}
Potions
 g - a potion of curing {unknown}
 h - 2 potions of berserk rage {unknown}
 j - 2 potions of lignification {unknown}
 l - 3 potions of enlightenment {unknown}
 m - a potion of ambrosia {unknown}
 r - a potion of brilliance {unknown}

Dungeon Overview and Level Annotations

Branches:
Dungeon (5/15)
 Temple: D:4-7

Altars:
Hepliaklqana
Uskayaw

....... ....
.......##..##
........#...##
#............##
#.............#
........##§§..#
........#§○§.###
.........§@$...#
.................#
...)......:.......
##.............##.
...............#
..##..†<.......# .
#.............
#.............
........:....


There were no monsters in sight!


Message History

Casting: Freeze (safe; 1% risk of failure)
Confirm with . or Enter, or press ? or * to list all spells.
Aiming: Inner Flame (dangerous; 5% risk of failure)
Press: ? - help, Dir - move target, f/p - wight
Aim: a wight, wielding a +0 scimitar and wearing a +0 robe (moderately damaged, chance to affect: 76%)
The wight is filled with an inner flame.
* * * LOW HITPOINT WARNING * * *
The wight barely misses you.
You are too injured to fight recklessly!
Casting: Inner Flame (dangerous; 5% risk of failure)
Confirm with . or Enter, or press ? or * to list all spells.
Aiming: Freeze (safe; 1% risk of failure)
Press: ? - help, Shift-Dir - straight line, f/p - wight
Aim: a wight, wielding a +0 scimitar and wearing a +0 robe (moderately damaged, inner flame)
You freeze the wight.
The wight resists.
Flame seeps out of the wight.
The wight is moderately damaged.
* * * LOW HITPOINT WARNING * * *
The wight is engulfed in blazing flames.
Flame seeps out of the wight.
The wight hits you with a +0 scimitar!
* * * LOW HITPOINT WARNING * * *
Casting: Freeze (safe; 1% risk of failure)
Confirm with . or Enter, or press ? or * to list all spells.
Aiming: Freeze (safe; 1% risk of failure)
Press: ? - help, Shift-Dir - straight line, f/p - wight
Aim: a wight, wielding a +0 scimitar and wearing a +0 robe (flame, almost destroyed, inner flame)
You freeze the wight.
The wight resists.
* * * LOW HITPOINT WARNING * * *
The wight explodes!
The fiery explosion engulfs you! You resist.
You die...

Skill      XL: |  1  2  3  4  5  6  7 |
---------------+----------------------+-----
Spellcasting   | 3 4 5 |  5.0
Conjurations   | 3 4 5 |  5.0
Hexes          | 3 4 5 |  5.0
Summonings     | 3 4 5 |  5.0
Necromancy     | 3 4 5 |  5.0
Translocations | 3 4 5 |  5.0
Fire Magic     | 3 4 5 |  5.0
Ice Magic      | 3 4 5 |  5.0
Air Magic      | 3 4 5 |  5.0
Earth Magic    | 3 4 5 |  5.0
Alchemy        | 3 4 5 |  5.0
Fighting       | 2 3 4 5 |  5.7
Ranged Weapons | |  1.5
Dodging        | |  2.1

Action                     |  1- 3 |  4- 6 |  7- 9 || total
---------------------------+-------+-------+-------++-------
   Fire: Sling             |    49 |   142 |    36 ||   227
   Cast: Freeze            |     4 |    37 |    18 ||    59
         Jinxbite          |       |     1 |       ||     1
         Inner Flame       |       |     6 |     8 ||    14
         Static Discharge  |       |       |     2 ||     2
    Use: Scroll            |       |     1 |       ||     1
 Armour: Robe              |    21 |    51 |    17 ||    89
  Dodge: Dodged            |    18 |    67 |    17 ||   102

Levels and vault maps discovered:
D:1:      dpeg_arrival_signposts, layout_basic, kennysheep_boxes
D:2:      layout_basic
D:3:      layout_loops_ring, old_standard_altar,
          nicolae_hepliaklqana_monster_ancestors, chequers_decorated_corner
D:4:      layout_layer_cave, serial_library_regret_index_headful, uniq_natasha
D:5:      layout_cave_pools, gammafunk_temple_overflow_pools,
          nicolae_overflow_hidden_temple, kennysheep_generic_room_13

Notes
Turn   | Place    | Note
-------+----------+-------------------------------------------
     0 | D:1      | cforsyth the Djinni Hexslinger began the quest for the Orb.
     0 | D:1      | cforsyth set off with the following spells memorised:
                  | Jinxbite, Sigil of Binding, Inner Flame, Cause Fear,
                  | Dimensional Bullseye.
     0 | D:1      | Reached XP level 1. HP: 17/17 MP: 0/0
    95 | D:1      | Reached XP level 2. HP: 22/22 MP: 0/0
   163 | D:1      | Reached skill level 3 in Spellcasting
   163 | D:1      | Reached skill level 3 in Conjurations
   163 | D:1      | Reached skill level 3 in Hexes
   163 | D:1      | Reached skill level 3 in Summonings
   163 | D:1      | Reached skill level 3 in Necromancy
   163 | D:1      | Reached skill level 3 in Translocations
   163 | D:1      | Reached skill level 3 in Fire Magic
   163 | D:1      | Reached skill level 3 in Ice Magic
   163 | D:1      | Reached skill level 3 in Air Magic
   163 | D:1      | Reached skill level 3 in Earth Magic
   163 | D:1      | Reached skill level 3 in Alchemy
   359 | D:1      | Reached skill level 2 in Fighting
   359 | D:1      | Reached XP level 3. HP: 28/28 MP: 0/0
   359 | D:1      | Learned a level 1 spell: Freeze
   765 | D:2      | Reached XP level 4. HP: 5/34 MP: 0/0
  1100 | D:2      | Reached skill level 3 in Fighting
  1391 | D:2      | Reached XP level 5. HP: 40/40 MP: 0/0
  1391 | D:2      | Learned a level 2 spell: Call Imp
  2140 | D:3      | Found a hazy altar of Hepliaklqana.
  2240 | D:3      | Found a hide-covered altar of Uskayaw.
  2858 | D:4      | Reached skill level 4 in Fighting
  2858 | D:4      | Reached skill level 4 in Spellcasting
  2858 | D:4      | Reached skill level 4 in Conjurations
  2858 | D:4      | Reached skill level 4 in Hexes
  2858 | D:4      | Reached skill level 4 in Summonings
  2858 | D:4      | Reached skill level 4 in Necromancy
  2858 | D:4      | Reached skill level 4 in Translocations
  2858 | D:4      | Reached skill level 4 in Fire Magic
  2858 | D:4      | Reached skill level 4 in Ice Magic
  2858 | D:4      | Reached skill level 4 in Air Magic
  2858 | D:4      | Reached skill level 4 in Earth Magic
  2858 | D:4      | Reached skill level 4 in Alchemy
  2858 | D:4      | Reached XP level 6. HP: 39/47 MP: 0/0
  3426 | D:4      | Noticed a black bear
  3469 | D:4      | Reached XP level 7. HP: 46/53 MP: 0/0
  3469 | D:4      | Learned a level 2 spell: Static Discharge
  3591 | D:4      | Reached skill level 5 in Fighting
  3674 | D:4      | Noticed Natasha
  3677 | D:4      | Killed Natasha
  4159 | D:4      | Noticed Natasha
  4162 | D:4      | Killed Natasha
  4305 | D:4      | Noticed Natasha
  4308 | D:4      | Killed Natasha
  4776 | D:5      | Entered Level 5 of the Dungeon
  4784 | D:5      | Reached skill level 5 in Spellcasting
  4784 | D:5      | Reached skill level 5 in Conjurations
  4784 | D:5      | Reached skill level 5 in Hexes
  4784 | D:5      | Reached skill level 5 in Summonings
  4784 | D:5      | Reached skill level 5 in Necromancy
  4784 | D:5      | Reached skill level 5 in Translocations
  4784 | D:5      | Reached skill level 5 in Fire Magic
  4784 | D:5      | Reached skill level 5 in Ice Magic
  4784 | D:5      | Reached skill level 5 in Air Magic
  4784 | D:5      | Reached skill level 5 in Earth Magic
  4784 | D:5      | Reached skill level 5 in Alchemy
  4850 | D:5      | Killed by an exploding wight... ignited by their inner
                  | flame

Vanquished Creatures
  A black bear (D:4)
  2 scorpions
  A wight (D:5)
  A bombardier beetle (D:4)
  2 hounds (D:4)
  An iguana (D:4)
  Natasha (thrice) (D:4)
  2 orc wizards (D:4)
  7 adders
  A shadow imp (D:4)
  2 white imps (D:4)
  A dart slug (D:2)
  A ribbon worm (D:2)
  7 orcs
  6 ball pythons
  6 endoplasms
  2 giant cockroaches
  6 goblins
  5 hobgoblins
  2 jackals (D:3)
  3 quokkas
  8 bats
  2 frilled lizards (D:1)
  3 kobolds
  2 rats (D:1)
  A spectral hobgoblin (D:3)
78 creatures vanquished.

Table legend: (Time is in decaauts)
 A = Elapsed time spent in this place.
 B = Non-inter-level travel time spent in this place.
 C = Inter-level travel time spent in this place.
 D = Time resting spent in this place.
 E = Time spent auto-exploring this place.
 F = Levels seen in this place.
 G = Mean time per level.
                   A        B        C        D        E       F      G
               +--------+--------+--------+--------+--------+-----+--------+
         Total |   4923 |   4830 |     93 |    112 |   4150 |   5 |  984.6 |
       Dungeon |   4923 |   4830 |     93 |    112 |   4150 |   5 |  984.6 |
               +--------+--------+--------+--------+--------+-----+--------+

Top non-repeatable levels by time:
     D:4: 2066 daAuts
     D:2: 1151 daAuts
     D:1: 819 daAuts
     D:3: 810 daAuts
     D:5: 76 daAuts

Table legend:
 A = Non-vault XP
 B = Vault XP
 C = Vault XP percentage of total XP
 D = Non-vault monster count
 E = Vault monster count
 F = Vault count percentage of total count
                 A         B        C        D         E       F
            +---------+---------+-------+---------+---------+-------
      Total |     878 |     146 |  14.3 |      70 |       8 |  10.3
            +---------+---------+-------+---------+---------+-------
        D:1 |      40 |       0 |   0.0 |      16 |       0 |   0.0
        D:2 |     123 |       0 |   0.0 |      22 |       0 |   0.0
        D:3 |      41 |       5 |  10.9 |      10 |       2 |  16.7
        D:4 |     511 |     141 |  21.6 |      20 |       6 |  23.1
        D:5 |     163 |       0 |   0.0 |       2 |       0 |   0.0
            +---------+---------+-------+---------+---------+-------
